[Event "Titled Tuesday Blitz March 08 Late 2022"]
[White "Dobrov, Vladimir"]
[Black "Caruana, Fabiano"]
[WhiteFideId "4136594"]
[BlackFideId "2020009"]
[WhiteElo "2614"]
[BlackElo "2744"]
[Result "0-1"]
[Round "11"]
[TimeControl "180+1"]
[Date "2022.03.08"]
[WhiteClock "0:00:03"]
[BlackClock "0:00:11"]

1. d4 Nf6 2. c4 d6 3. Nf3 g6 4. Nc3 Bf5 5. Qb3 b6 6. g3 Nc6 7. Bg2 Bg7 8. Qa4 Bd7 9. Qd1 O-O 10. O-O Na5 11. b3 c5 12. e3 Rb8 13. Bb2 a6 14. Qe2 b5 15. cxb5 axb5 16. dxc5 b4 17. Na4 Bb5 18. Qc2 Bxf1 19. Rxf1 Qc7 20. Qe2 Ne4 21. Bxg7 Kxg7 22. Qb2+ Kg8 23. cxd6 Qxd6 24. Nd4 Nf6 25. f4 Rbc8 26. Qe2 Rfd8 27. h3 Rb8 28. Kh2 h5 29. Qf2 e6 30. Rd1 Nd5 31. Kg1 Nc6 32. Nf3 Qe7 33. Rc1 Rbc8 34. e4 Nf6 35. Rc4 Nb8 36. Ne5 Rxc4 37. Nxc4 Rd1+ 38. Kh2 Nbd7 39. Nab2 Ra1 40. Nd3 h4 41. g4 g5 42. fxg5 Nh7 43. g6 fxg6 44. e5 Ng5 45. Qb2 Rd1 46. Qe2 Ra1 47. Qb2 Rd1 48. Qe2 Ra1 49. Qe3 Rxa2 50. Nc1 Rc2 51. Ne2 Kg7 52. Nd4 Ra2 53. Nc6 Qc5 54. Nxb4 Qxb4 55. Qxg5 Qf8 56. Qxh4 Qf3 57. Qg3 Qd5 58. Ne3 Qxe5 59. Nc4 Qxg3+ 60. Kxg3 Kf6 61. Bc6 Ne5 62. Nxe5 Kxe5 63. g5 Kf5 64. h4 Rb2 65. Ba4 Rd2 66. Kf3 e5 67. Ke3 Rd4 68. Bb5 Rxh4 69. Bd3+ Kxg5 70. b4 Rxb4 0-1


[Site "https://www.chess.com"]

[Event "Titled Tuesday Blitz March 08 Late 2022"]
[White "Dubov, Daniil"]
[Black "Martirosyan, Haik M."]
[WhiteFideId "24126055"]
[BlackFideId "13306553"]
[WhiteElo "2791"]
[BlackElo "2735"]
[Result "1/2-1/2"]
[Round "11"]
[TimeControl "180+1"]
[Date "2022.03.08"]
[WhiteClock "0:00:08"]
[BlackClock "0:00:12"]

1. d4 Nf6 2. Nf3 d5 3. c4 e6 4. g3 Be7 5. Bg2 O-O 6. Qc2 c5 7. dxc5 Nc6 8. cxd5 Qxd5 9. Nc3 Qxc5 10. O-O Rd8 11. Be3 Qh5 12. Rfd1 Bd7 13. h3 Be8 14. Nd4 Rdc8 15. g4 Qa5 16. Qb3 Rab8 17. Rac1 h6 18. a3 Qa6 19. Qb5 Qxb5 20. Ndxb5 a6 21. Na7 Rd8 22. Nxc6 Bxc6 23. Rxd8+ Rxd8 24. Bxc6 bxc6 25. Na4 Nd5 26. Rxc6 Nxe3 27. fxe3 a5 28. Kf2 g6 29. Ra6 Rd5 30. Nc3 Rd2 31. Rxa5 Rxb2 32. a4 Rb3 33. Ra8+ Kg7 34. Rc8 Ra3 35. Rc4 Bg5 36. Kf3 f5 37. Rc6 Bf6 38. Nb5 Rxa4 39. Rxe6 fxg4+ 40. hxg4 h5 41. gxh5 gxh5 42. Nd4 Bxd4 43. Re4 Ra3 44. Rxd4 Kg6 45. Rd6+ Kg5 46. Rd5+ Kg6 47. Kf4 Ra2 48. Rg5+ Kf6 49. Rg2 h4 50. Rh2 Ra4+ 51. e4 Ra2 52. Kf3 Ra3+ 53. e3 Kg5 54. Rg2+ Kf6 55. Rg4 h3 56. Rh4 Ra1 57. Rh6+ Ke5 58. Rh5+ Ke6 59. Rxh3 Rf1+ 60. Ke2 Ra1 61. Rh5 Rb1 62. Rc5 Ra1 63. Kd3 Rd1+ 64. Kc2 Re1 65. Kd2 Ra1 66. Rb5 Rh1 67. Kd3 Rd1+ 68. Ke2 Ra1 69. Rg5 Rb1 70. Kf2 Ra1 71. Kf3 Rf1+ 72. Kg4 Rg1+ 73. Kf4 Rxg5 74. Kxg5 Ke5 75. Kg4 Kxe4 76. Kg5 Kxe3 1/2-1/2


[Site "https://www.chess.com"]

[Event "Titled Tuesday Blitz March 08 Late 2022"]
[White "Elissalt Cardenas, Hector"]
[Black "Romero Ruscalleda, Josep"]
[WhiteFideId "3500632"]
[BlackFideId "2231859"]
[WhiteElo "2159"]
[BlackElo "2334"]
[Result "1-0"]
[Round "11"]
[TimeControl "180+1"]
[Date "2022.03.09"]
[WhiteClock "0:00:52"]
[BlackClock "0:00:21"]

1. d4 g6 2. e4 Bg7 3. Nc3 d6 4. g3 a6 5. Bg2 Nf6 6. Nge2 O-O 7. a4 Nc6 8. h3 e5 9. Be3 Re8 10. O-O exd4 11. Nxd4 Bd7 12. Kh2 Nxd4 13. Bxd4 Bc6 14. Re1 Qd7 15. Qd2 Qe6 16. Rad1 Rad8 17. b3 Qc8 18. f4 Nh5 19. Bxg7 Nxg7 20. g4 f5 21. exf5 Bxg2 22. Kxg2 gxf5 23. Nd5 fxg4 24. Nf6+ Kh8 25. Nxe8 gxh3+ 26. Kh2 Nxe8 27. Qd4+ Ng7 28. Re7 Rg8 29. Rg1 Qf8 30. Rxc7 h6 31. Rxb7 Kh7 32. Rgxg7+ Rxg7 33. Qxg7+ Qxg7 34. Rxg7+ Kxg7 35. b4 Kf6 36. b5 axb5 37. axb5 Ke6 38. b6 Kd7 39. f5 d5 40. f6 1-0


[Site "https://www.chess.com"]

[Event "Titled Tuesday Blitz March 08 Late 2022"]
[White "Erdogdu, Mert"]
[Black "Milanovic, Marko"]
[WhiteFideId "6301495"]
[BlackFideId "980129"]
[WhiteElo "2485"]
[BlackElo "2159"]
[Result "0-1"]
[Round "11"]
[TimeControl "180+1"]
[Date "2022.03.08"]
[WhiteClock "0:00:06"]
[BlackClock "0:00:06"]

1. c4 c6 2. d4 d5 3. Nf3 Nf6 4. Nbd2 Bf5 5. Nh4 Be4 6. f3 Bg6 7. Qb3 Qb6 8. g4 e6 9. g5 Qxd4 10. Nxg6 hxg6 11. Qxb7 Nfd7 12. Qxa8 Qb6 13. a3 Be7 14. b4 O-O 15. c5 Qc7 16. Nb3 Na6 17. Qxf8+ Bxf8 18. e3 Qe5 19. Nd4 Nc7 20. f4 Qe4 21. Rg1 e5 22. fxe5 Nxe5 23. Rg3 Ne6 24. Nxe6 fxe6 25. Ra2 Be7 26. Rf2 d4 27. Bg2 Qb1 28. Kd1 Nd3 29. Rc2 Ne1 30. Be4 Nxc2 31. Bxc2 Qa1 32. exd4 Qxd4+ 33. Ke2 Qe5+ 34. Be3 Qc3 35. Bd3 Qxa3 36. Rg4 Qb2+ 37. Kf3 Qe5 38. Re4 Qd5 39. Ke2 Qa2+ 40. Kf3 Qa1 41. Be2 e5 42. h4 Qb2 43. Bc4+ Kf8 44. Be2 Qa1 45. b5 cxb5 46. Bxb5 Qc3 47. Be2 Bxc5 48. Rxe5 Qxe5 49. Bf4 Qd5+ 50. Kg4 Bd6 51. Be3 Qe4+ 52. Kh3 Qxe3+ 53. Kg4 Qxe2+ 54. Kh3 a5 55. h5 Qf3+ 56. Kh4 Qg3# 0-1


[Site "https://www.chess.com"]

[Event "Titled Tuesday Blitz March 08 Late 2022"]
[White "Estrada Nieto, Julian"]
[Black "Golubka, Petro"]
[WhiteFideId "5101018"]
[BlackFideId "14114224"]
[WhiteElo "2246"]
[BlackElo "2346"]
[Result "0-1"]
[Round "11"]
[TimeControl "180+1"]
[Date "2022.03.08"]
[WhiteClock "0:00:01"]
[BlackClock "0:00:26"]

1. e4 e5 2. Nf3 Nc6 3. Bb5 Nf6 4. O-O Nxe4 5. d4 Nd6 6. Bxc6 bxc6 7. dxe5 Nb7 8. Nc3 Be7 9. Nd4 O-O 10. Qg4 d5 11. Qg3 Bh4 12. Nxc6 Bxg3 13. Nxd8 Bxe5 14. Nc6 Bxc3 15. bxc3 Be6 16. Bf4 Nd6 17. Bxd6 cxd6 18. Rab1 g6 19. Rfe1 Kg7 20. Nd4 Rab8 21. f3 Kf6 22. Rb3 Rfc8 23. Reb1 Rxb3 24. Rxb3 a5 25. Kf2 a4 26. Rb4 Bd7 27. Ne2 h5 28. h4 Bf5 29. Rxa4 Bxc2 30. Ra6 Bd3 31. Rxd6+ Ke5 32. Rd7 Bxe2 33. Kxe2 Rxc3 34. Rxf7 Rc2+ 35. Ke3 Rxg2 36. Re7+ Kd6 37. Ra7 g5 38. hxg5 Rxg5 39. Rh7 Kc5 40. Kf4 Rg2 41. Rxh5 Rxa2 42. Kf5 d4 43. f4 Kc4 44. Rh8 d3 45. Rc8+ Kd4 46. Ke6 Ra6+ 47. Kf5 d2 48. Rd8+ Ke3 49. Kg5 Ra1 50. f5 Rg1+ 51. Kf6 d1=Q 52. Rxd1 Rxd1 53. Ke7 Re1 54. f6 Kd4+ 55. Kf7 Ke5 56. Ke7 Kf5+ 57. Kf7 Re6 58. Kg7 Rxf6 59. Kg8 Ke6 60. Kg7 Ke7 61. Kg8 Rg6+ 62. Kh7 Kf7 63. Kh8 Rh6# 0-1


[Site "https://www.chess.com"]

[Event "Titled Tuesday Blitz March 08 Late 2022"]
[White "Fishbein, Alexander"]
[Black "Martin Duque, Jesus"]
[WhiteFideId "2000377"]
[BlackFideId "2208954"]
[WhiteElo "2442"]
[BlackElo "2243"]
[Result "1-0"]
[Round "11"]
[TimeControl "180+1"]
[Date "2022.03.08"]
[WhiteClock "0:01:51"]
[BlackClock "0:02:00"]

1. e4 c5 2. Nf3 b6 3. d4 cxd4 4. Nxd4 Bb7 5. Bd3 Nc6 6. Nxc6 dxc6 7. O-O e5 8. Nd2 Nf6 9. Nc4 Qc7 10. f4 Bc5+ 11. Kh1 O-O 12. fxe5 Nd7 13. Bf4 Qc8 14. Nd6 Bxd6 15. exd6 Nc5 16. e5 Nxd3 17. Qxd3 c5 18. Qg3 Kh8 19. Bg5 Qc6 20. Be7 Rg8 21. Rxf7 Rae8 22. Raf1 Qe4 23. R7f2 Ba6 24. d7 Bxf1 25. dxe8=Q Rxe8 26. Rxf1 1-0


[Site "https://www.chess.com"]

[Event "Titled Tuesday Blitz March 08 Late 2022"]
[White "Galego, Luis"]
[Black "Shuvalova, Polina"]
[WhiteFideId "1900072"]
[BlackFideId "24171760"]
[WhiteElo "2516"]
[BlackElo "2355"]
[Result "1-0"]
[Round "11"]
[TimeControl "180+1"]
[Date "2022.03.08"]
[WhiteClock "0:00:03"]
[BlackClock "0:00:05"]

1. e4 c5 2. c3 Nf6 3. d3 Nc6 4. f4 d6 5. Be2 g6 6. Nf3 Bg7 7. O-O O-O 8. h3 c4 9. Be3 cxd3 10. Qxd3 Nd7 11. Nbd2 Nc5 12. Qc2 Bd7 13. Rad1 Qc7 14. Nb3 b6 15. Nbd4 Qb7 16. Nd2 Rac8 17. Qb1 Rfd8 18. Bf3 Qb8 19. Rfe1 Ne6 20. N2b3 Nc5 21. Bf2 Na5 22. Bh4 Re8 23. Bg3 Nc4 24. Nd2 b5 25. Nxc4 bxc4 26. b4 cxb3 27. axb3 a5 28. e5 Qb6 29. exd6 Nxb3 30. dxe7 Rxc3 31. Bf2 Qb4 32. Nxb3 Rxb3 33. Qe4 Qxe4 34. Rxe4 Bc6 35. Rd8 Bf6 36. Red4 Kg7 37. Bxc6 Rxe7 38. R8d7 Rb1+ 39. Kh2 Bxd4 40. Rxe7 Bxf2 41. Bd5 Bd4 42. Rxf7+ Kh6 43. g4 Rb2+ 44. Bg2 Be3 45. g5+ Kh5 46. Rxh7# 1-0


[Site "https://www.chess.com"]

[Event "Titled Tuesday Blitz March 08 Late 2022"]
[White "Gerbelli Neto, Eduardo"]
[Black "Martins, Carlos"]
[WhiteFideId "2103281"]
[BlackFideId "2101688"]
[WhiteElo "2178"]
[BlackElo "2183"]
[Result "0-1"]
[Round "11"]
[TimeControl "180+1"]
[Date "2022.03.09"]
[WhiteClock "0:00:05"]
[BlackClock "0:00:12"]

1. e4 e6 2. d4 d5 3. Nc3 Bb4 4. Qd3 c5 5. a3 Bxc3+ 6. bxc3 dxe4 7. Qxe4 Nf6 8. Qh4 Nc6 9. Nf3 h6 10. Bd3 cxd4 11. cxd4 Qa5+ 12. Bd2 Qh5 13. Qg3 O-O 14. O-O Qg4 15. c3 Qxg3 16. hxg3 b6 17. Rfe1 Bb7 18. Ne5 Nxe5 19. Rxe5 Rac8 20. f3 Rfd8 21. a4 Nd5 22. Be4 Bc6 23. Bxd5 Bxd5 24. a5 b5 25. Ree1 a6 26. Rac1 Rc4 27. Kf2 Rdc8 28. Ke3 b4 29. cxb4 Rxc1 30. Rxc1 Rxc1 31. Bxc1 Bc4 32. Ke4 f6 33. g4 Kf7 34. f4 Bd5+ 35. Kd3 Bxg2 36. Kc4 Bf3 37. g5 fxg5 38. fxg5 h5 39. Kc5 Be2 40. Bf4 Kg6 41. Kd6 Kf5 42. Bh2 Bc4 43. Be5 g6 44. Bh2 Kxg5 45. b5 axb5 46. a6 Kf5 47. a7 Bd5 48. Kc5 g5 49. Kxb5 h4 50. Kc5 g4 51. Be5 Ke4 52. Kd6 Kf3 53. Ke7 g3 54. Kf6 h3 55. Kg5 h2 0-1


[Site "https://www.chess.com"]

[Event "Titled Tuesday Blitz March 08 Late 2022"]
[White "Goltseva, Ekaterina"]
[Black "Risteski, Emil"]
[WhiteFideId "24173770"]
[BlackFideId "15005267"]
[WhiteElo "2140"]
[BlackElo "2070"]
[Result "1-0"]
[Round "11"]
[TimeControl "180+1"]
[Date "2022.03.08"]
[WhiteClock "0:00:07"]
[BlackClock "0:00:01"]

1. d4 d6 2. c4 g6 3. e4 Bg7 4. Nc3 Nf6 5. Nge2 O-O 6. Ng3 c5 7. d5 e6 8. Be2 exd5 9. cxd5 h5 10. Bg5 Na6 11. O-O Nc7 12. a4 Qd7 13. Qd2 Nh7 14. Bh4 b6 15. f4 Ba6 16. f5 Bd4+ 17. Kh1 Rae8 18. f6 Kh8 19. Rae1 Bxe2 20. Ncxe2 Be5 21. b3 Rg8 22. Qh6 g5 23. Rf5 Rg6 24. Qxh5 gxh4 25. Qxh4 Bxf6 26. Qh3 Be5 27. Qh4 Qe7 28. Qh3 f6 29. Ref1 Kg8 30. Rh5 Bxg3 31. Nxg3 Qf7 32. Nf5 Re5 33. Nxd6 Rxh5 34. Qxh5 Qg7 35. Nf5 Qf7 36. Nd6 Qg7 37. Nf5 Qf7 38. d6 Ne6 39. Ne7+ Kg7 40. Nxg6 Qxg6 41. Qd5 Nhf8 42. d7 Nd8 43. Qd6 Nfe6 44. Qe7+ Qf7 45. Qd6 Qg6 46. Qd5 Qg5 47. h3 Qxd5 48. exd5 Nc7 49. Re1 Kf7 50. d6 Nce6 51. Rf1 Kg6 52. g4 Nf7 53. h4 Ned8 54. Re1 Nxd6 55. Re8 N6b7 56. Rf8 Kg7 57. Re8 Kf7 58. h5 Ne6 59. h6 Nbd8 60. h7 1-0


[Site "https://www.chess.com"]

[Event "Titled Tuesday Blitz March 08 Late 2022"]
[White "Hartikainen, Jarmo"]
[Black "Warakomska, Anna"]
[WhiteFideId "503134"]
[BlackFideId "1130790"]
[WhiteElo "2091"]
[BlackElo "2062"]
[Result "0-1"]
[Round "11"]
[TimeControl "180+1"]
[Date "2022.03.09"]
[WhiteClock "0:00:02"]
[BlackClock "0:00:13"]

1. e4 c5 2. Nf3 e6 3. d4 cxd4 4. Nxd4 Nc6 5. Nc3 Qc7 6. g3 a6 7. Bg2 Nf6 8. Be3 Ne5 9. O-O Nc4 10. Bc1 Be7 11. Nde2 O-O 12. a4 d6 13. b3 Ne5 14. h3 Bd7 15. a5 Nc6 16. Be3 Nxa5 17. g4 Rac8 18. Qe1 Nc6 19. f4 Nb4 20. Rc1 Bc6 21. Qf2 b5 22. Bf3 Qb7 23. Qg2 Nd7 24. Nd4 e5 25. Nf5 Nc5 26. Bxc5 dxc5 27. fxe5 Bg5 28. Rcd1 Rcd8 29. h4 Bf4 30. Nd6 Qa7 31. Nd5 Bxe5 32. Nf5 Nxd5 33. exd5 Bd7 34. Be4 Rfe8 35. Rfe1 g6 36. Nh6+ Kf8 37. Qf3 Bc8 38. Rf1 Rd7 39. g5 Bg7 40. Ng4 Rde7 41. Bd3 Bxg4 42. Qxg4 Qd7 43. Qxd7 Rxd7 44. c4 Bd4+ 45. Kh1 b4 46. Rfe1 Ree7 47. Rxe7 Rxe7 48. Rd2 Re3 49. Kg2 Ke7 50. Kh2 Kd6 51. Kg2 Ke5 52. Rd1 a5 53. Rd2 a4 54. bxa4 b3 55. a5 b2 56. a6 Rxd3 57. Rxb2 Bxb2 58. a7 Ra3 0-1


[Site "https://www.chess.com"]

[Event "Titled Tuesday Blitz March 08 Late 2022"]
[White "Holt, Conrad"]
[Black "Hryshchenko, Kamila"]
[WhiteFideId "2034387"]
[BlackFideId "14147491"]
[WhiteElo "2586"]
[BlackElo "1929"]
[Result "0-1"]
[Round "11"]
[TimeControl "180+1"]
[Date "2022.03.08"]
[WhiteClock "0:00:01"]
[BlackClock "0:00:15"]

1. d4 d5 2. c4 e6 3. Nc3 Nf6 4. cxd5 Nxd5 5. e3 c5 6. Bc4 cxd4 7. exd4 Nxc3 8. bxc3 Qc7 9. Qe2 Bd6 10. Nf3 Nd7 11. O-O O-O 12. Bd2 b6 13. Bd3 Bb7 14. Rfe1 Rfe8 15. Rac1 Bf4 16. Ne5 Bxd2 17. Qxd2 Rad8 18. Nxd7 Qxd7 19. Re5 Rc8 20. h4 a6 21. Qe3 b5 22. Bf1 Bd5 23. a4 f6 24. Rh5 g6 25. Rh6 Kg7 26. axb5 axb5 27. g4 e5 28. Bh3 exd4 29. Qg3 Qc7 30. g5 Qxg3+ 31. fxg3 Rxc3 32. Ra1 Rc7 33. Ra6 d3 34. Rd6 Bc4 35. Bf1 Re1 36. Kf2 d2 37. Bxc4 d1=Q 38. Rxd1 Rxd1 39. Bxb5 Rc2+ 40. Kf3 Rd5 41. Ba6 Rf5+ 42. Ke3 Ra2 43. Bd3 Ra3 44. Kd4 Rf3 45. Be4 Ra4+ 46. Kd5 Rxg3 47. Bc2 Ra5+ 48. Ke6 Re3+ 49. Kd6 Rh3 0-1


[Site "https://www.chess.com"]

[Event "Titled Tuesday Blitz March 08 Late 2022"]
[White "Ibarra Jerez, Jose Carlos"]
[Black "Indjic, Aleksandar"]
[WhiteFideId "2226332"]
[BlackFideId "911925"]
[WhiteElo "2626"]
[BlackElo "2616"]
[Result "0-1"]
[Round "11"]
[TimeControl "180+1"]
[Date "2022.03.08"]
[WhiteClock "0:00:02"]
[BlackClock "0:00:16"]

1. e4 c6 2. Nf3 d5 3. d3 dxe4 4. dxe4 Qxd1+ 5. Kxd1 Nf6 6. Nbd2 Nbd7 7. Ne1 g5 8. Nd3 h5 9. a4 Bh6 10. f3 g4 11. Nc4 Bxc1 12. Kxc1 Nb6 13. Nc5 Nxc4 14. Bxc4 Rg8 15. Kd2 h4 16. e5 Nh5 17. Rae1 b6 18. e6 f6 19. Nd3 Bb7 20. f4 O-O-O 21. Rhf1 c5 22. Re2 Rd4 23. Kc3 Rgd8 24. b3 a6 25. f5 Kc7 26. Rff2 g3 27. hxg3 Nxg3 28. Re1 Ne4+ 29. Rxe4 Bxe4 30. Bxa6 Bxd3 31. Bxd3 Rg8 32. Be2 Rg3+ 33. Bf3 h3 34. gxh3 Rf4 35. Kb2 Rgxf3 36. Rd2 Rd4 37. Rg2 Rxf5 38. Rg7 Kd6 39. Rg8 Kxe6 40. Rh8 Rf2 41. h4 Rdd2 42. Kc3 Rxc2+ 43. Kd3 Rfd2+ 44. Ke3 Rh2 45. Kd3 Rb2 46. Kc4 Rh3 47. Kb5 Rbxb3+ 48. Kc6 Rb4 49. h5 Rxa4 50. h6 Rah4 51. Rb8 Rxh6 52. Rxb6 Kf7 53. Kd7 f5 54. Rb7 f4 55. Rb2 f3 56. Rf2 Rd6+ 57. Kc7 Rf6 58. Rf1 f2 59. Kd7 Rg3 60. Rd1 Rd3+ 61. Rxd3 f1=Q 62. Re3 Qb5+ 63. Kd8 Rd6+ 64. Kc7 Rd7+ 0-1


[Site "https://www.chess.com"]

[Event "Titled Tuesday Blitz March 08 Late 2022"]
[White "Ishbaev, Alibek"]
[Black "Spitzl, Vinzent"]
[WhiteFideId "14205017"]
[BlackFideId "12901253"]
[WhiteElo "2347"]
[BlackElo "2160"]
[Result "1/2-1/2"]
[Round "11"]
[TimeControl "180+1"]
[Date "2022.03.09"]
[WhiteClock "0:00:19"]
[BlackClock "0:00:02"]

1. c4 e6 2. Nc3 d5 3. e4 dxe4 4. Nxe4 Nf6 5. Ng3 c5 6. Nf3 Nc6 7. Be2 Be7 8. O-O O-O 9. b3 b6 10. Bb2 Bb7 11. d4 cxd4 12. Nxd4 Nxd4 13. Qxd4 Qxd4 14. Bxd4 Rfd8 15. Rad1 Ne4 16. Nxe4 Bxe4 17. Bf3 Bxf3 18. gxf3 f6 19. Rd2 e5 20. Be3 Rxd2 21. Bxd2 Rd8 22. Be3 Kf7 23. Ra1 Ba3 24. Kf1 Ke6 25. Ke2 g5 26. Rd1 Rxd1 27. Kxd1 Kf5 28. h3 h5 29. Ke2 e4 30. fxe4+ Kxe4 31. f3+ Ke5 32. Bg1 f5 33. Bh2+ Kd4 34. Bb8 a6 35. Bc7 Bc5 36. Kd2 Bb4+ 37. Ke2 Bc5 38. Kd2 g4 39. fxg4 fxg4 40. hxg4 hxg4 41. a3 Ke4 42. b4 Bd4 43. Ke2 b5 44. cxb5 axb5 45. Kd2 Kf3 46. Kd3 Bf2 47. Be5 g3 48. Bxg3 Bxg3 49. Kd4 Bd6 50. Kd5 Bf8 51. Kc6 Ke4 52. Kxb5 Kd5 53. a4 Kd6 54. a5 Kc7 55. a6 Bxb4 56. Kxb4 Kb6 57. a7 Kxa7 1/2-1/2


[Site "https://www.chess.com"]

[Event "Titled Tuesday Blitz March 08 Late 2022"]
[White "Iskusnyh, Sergei"]
[Black "Gadimbayli, Abdulla"]
[WhiteFideId "4120027"]
[BlackFideId "13404938"]
[WhiteElo "2492"]
[BlackElo "2311"]
[Result "1/2-1/2"]
[Round "11"]
[TimeControl "180+1"]
[Date "2022.03.08"]
[WhiteClock "0:00:14"]
[BlackClock "0:00:09"]

1. d4 Nf6 2. c4 e6 3. g3 c6 4. Nf3 d5 5. Bg2 Bd6 6. O-O O-O 7. Nfd2 Nbd7 8. Nc3 h6 9. e4 dxe4 10. Ndxe4 Nxe4 11. Nxe4 Be7 12. Bf4 Nf6 13. Nc3 Qb6 14. c5 Qxb2 15. Qd3 Qa3 16. Rfd1 Qa5 17. Rab1 Rd8 18. Qc2 Nd5 19. Nxd5 exd5 20. Re1 Bf6 21. Be5 Re8 22. f4 g6 23. Qf2 Bxe5 24. fxe5 b6 25. Rbc1 Be6 26. h4 h5 27. Kh2 Rab8 28. Rc2 Bf5 29. Rcc1 Qa3 30. Qe3 Qxe3 31. Rxe3 bxc5 32. Rxc5 Rb2 33. Kg1 Rd2 34. Rxc6 Rb8 35. Rb3 Rxb3 36. axb3 Rxd4 37. Rd6 Be6 38. Ra6 Rd3 39. Kf2 Rxb3 40. Rxa7 Rb2+ 41. Kf1 d4 42. Ra8+ Kg7 43. Rd8 d3 44. Bf3 Bf5 45. Ke1 Rb5 46. Rd5 Rxd5 47. Bxd5 f6 48. e6 Kf8 49. Kd2 Ke7 50. Bc4 Kd6 51. Ke3 Ke7 52. Kd2 Kd6 53. Ke3 Bxe6 54. Bxd3 Bf7 55. Bc2 Ke5 56. Bd3 Be8 57. Bc2 g5 58. Bd3 gxh4 59. gxh4 f5 60. Be2 f4+ 61. Kf2 Bf7 62. Bd1 Kf5 63. Be2 Ke4 64. Bf3+ Ke5 65. Bd1 Kf5 66. Be2 Kg6 67. Bd3+ Kf6 68. Kf3 Ke5 69. Kf2 Be6 70. Bg6 Bg4 71. Be8 Kf6 72. Kg2 Ke5 73. Kf2 f3 74. Bc6 Kf4 75. Bb7 Ke5 76. Bxf3 Bxf3 77. Kxf3 Kf5 78. Kg3 Ke5 79. Kf3 Kf5 80. Kg3 Ke5 81. Kf3 1/2-1/2


[Site "https://www.chess.com"]

[Event "Titled Tuesday Blitz March 08 Late 2022"]
[White "Jaferian, Koosha"]
[Black "orkinyo12345"]
[WhiteFideId "12507440"]
[WhiteElo "2030"]
[BlackElo "2546"]
[Result "1-0"]
[Round "11"]
[TimeControl "180+1"]
[Date "2022.03.08"]
[WhiteClock "0:00:59"]
[BlackClock "0:00:02"]

1. Nf3 Nf6 2. b3 d6 3. d4 g6 4. Bb2 Bg7 5. g3 O-O 6. Bg2 b5 7. c4 bxc4 8. bxc4 Bb7 9. O-O Nbd7 10. Nbd2 Rb8 11. Rb1 Ne4 12. e3 c5 13. d5 Nc3 14. Bxc3 Bxc3 15. Qc2 Bg7 16. Rb3 Nb6 17. Rfb1 Bc8 18. Ne1 Bd7 19. Ra3 Qc7 20. Nd3 Rb7 21. e4 Rfb8 22. h4 h5 23. Bf3 Qc8 24. Nb3 Na4 25. Re1 Bc3 26. Re2 Bb4 27. Nxb4 cxb4 28. Rxa4 Bxa4 29. e5 Bxb3 30. axb3 Qf5 31. Be4 Qxe5 32. Kg2 Qf6 33. Re3 Rc7 34. Rf3 Qg7 35. Qd2 f5 36. Bc2 a5 37. Qg5 Qf6 38. Qe3 Rf8 39. Qb6 Rc5 40. Re3 Rf7 41. Re6 Qc3 42. Rxg6+ Kh7 43. Rg5 Qxc2 44. Qb8 Qe4+ 45. Kh2 Rg7 46. Rxh5+ Kg6 47. Qe8+ Rf7 48. Rg5+ Kf6 49. Qh8+ 1-0


[Site "https://www.chess.com"]

[Event "Titled Tuesday Blitz March 08 Late 2022"]
[White "Jobava, Baadur"]
[Black "Domingo Nunez, Alejandro"]
[WhiteFideId "13601520"]
[BlackFideId "22245561"]
[WhiteElo "2617"]
[BlackElo "2215"]
[Result "1-0"]
[Round "11"]
[TimeControl "180+1"]
[Date "2022.03.08"]
[WhiteClock "0:02:47"]
[BlackClock "0:01:55"]

1. b3 d6 2. Bb2 Nd7 3. d4 Ngf6 4. Nf3 g6 5. Nc3 Bg7 6. e4 O-O 7. Bd3 e5 8. dxe5 dxe5 9. O-O Re8 10. Qe2 c6 11. Rfd1 Qc7 12. a4 Nh5 13. g3 Nc5 14. a5 Bg4 15. Qe3 Ne6 16. Be2 Nd4 17. Nxd4 exd4 18. Rxd4 Bxd4 19. Qxd4 Rad8 20. Nd5 Qe5 21. Ne7+ Rxe7 22. Qxd8+ Re8 23. Bxe5 Rxd8 24. Bxg4 1-0


[Site "https://www.chess.com"]

[Event "Titled Tuesday Blitz March 08 Late 2022"]
[White "Kaganskiy, Gleb"]
[Black "Miszler, Levente"]
[WhiteFideId "4132025"]
[BlackFideId "763276"]
[WhiteElo "2165"]
[BlackElo "1966"]
[Result "0-1"]
[Round "11"]
[TimeControl "180+1"]
[Date "2022.03.09"]
[WhiteClock "0:00:05"]
[BlackClock "0:00:18"]

1. e4 e6 2. d4 d5 3. Nd2 e5 4. exd5 Qxd5 5. dxe5 Qxe5+ 6. Be2 Bc5 7. Ngf3 Qe7 8. O-O Nf6 9. Bb5+ c6 10. Re1 Be6 11. Bc4 O-O 12. Bxe6 fxe6 13. Ne4 Nxe4 14. Rxe4 Nd7 15. Qe2 e5 16. Be3 Bxe3 17. Qxe3 Rf5 18. Re1 Raf8 19. Qb3+ Kh8 20. Qxb7 Qd6 21. Qxa7 h6 22. Qe3 Nf6 23. Rc4 e4 24. Nh4 Rg5 25. g3 Ng4 26. Qxe4 Nxf2 27. Qe7 Rxg3+ 28. Ng2 Rxg2+ 29. Kxg2 Qg6+ 30. Kf1 Rf7 31. Qe8+ Kh7 32. Ke2 Qh5+ 33. Kd2 Qd5+ 34. Kc3 Rf3+ 35. Kb4 Qb5# 0-1


[Site "https://www.chess.com"]

[Event "Titled Tuesday Blitz March 08 Late 2022"]
[White "Karttunen, Mika"]
[Black "Derige Kane, Yan"]
[WhiteFideId "502081"]
[BlackFideId "20665431"]
[WhiteElo "2343"]
[BlackElo "2169"]
[Result "1-0"]
[Round "11"]
[TimeControl "180+1"]
[Date "2022.03.08"]
[WhiteClock "0:00:14"]
[BlackClock "0:01:47"]

1. e4 c5 2. Nf3 Nc6 3. d4 cxd4 4. Nxd4 Nf6 5. Nc3 e5 6. Ndb5 d6 7. Nd5 Nxd5 8. exd5 Ne7 9. a4 Ng6 10. a5 Be7 11. Be3 O-O 12. Bxa7 f5 13. Bb6 Qd7 14. Nc7 f4 15. Nxa8 f3 16. g3 e4 17. h4 Ne5 18. Nc7 Ng4 19. Bh3 Bf6 20. c3 Qf7 21. Bxg4 Bxg4 22. Qb3 Bd8 23. Ne6 Bxb6 24. axb6 Re8 25. c4 h6 26. Qe3 Bxe6 27. dxe6 Qxe6 28. b3 d5 29. cxd5 Qxd5 30. O-O Qf5 31. Kh2 g5 32. Rg1 Kh7 33. Rac1 Qe5 34. Rc5 Qd6 35. Rc7+ Kg6 36. Rxb7 Re5 37. Qc3 gxh4 38. gxh4+ Rg5+ 39. Rg3 Rxg3 40. Rg7+ Kh5 41. Rxg3 Qxb6 42. Qe5+ Kxh4 43. Qf4+ Kh5 44. Qg4# 1-0


[Site "https://www.chess.com"]

[Event "Titled Tuesday Blitz March 08 Late 2022"]
[White "Keymer, Vincent"]
[Black "Paravyan, David"]
[WhiteFideId "12940690"]
[BlackFideId "4194985"]
[WhiteElo "2557"]
[BlackElo "2569"]
[Result "0-1"]
[Round "11"]
[TimeControl "180+1"]
[Date "2022.03.08"]
[WhiteClock "0:00:03"]
[BlackClock "0:00:17"]

1. Nf3 Nf6 2. c4 c5 3. Nc3 d5 4. cxd5 Nxd5 5. e4 Nb4 6. Bc4 Nd3+ 7. Ke2 Nf4+ 8. Kf1 Nd3 9. Qe2 Nxc1 10. Rxc1 e6 11. h4 Nc6 12. h5 Bd7 13. Rh3 Qb6 14. Qe3 Nd4 15. Ne5 Qd6 16. Nxd7 Qxd7 17. e5 O-O-O 18. Ne4 Kb8 19. Qf4 Ka8 20. Kg1 Qc7 21. Bf1 Rd5 22. Rd3 f5 23. Ng5 Be7 24. Rxd4 Bxg5 25. Rxd5 Bxf4 26. Rdxc5 Qd7 27. Bb5 Qd8 28. R1c2 a6 29. Bc4 Qd7 30. Bb3 Kb8 31. g3 Bg5 32. d4 Be7 33. R5c3 Rd8 34. d5 exd5 35. Rd3 Qb5 36. Rcd2 d4 37. e6 Qb6 38. Rd1 g6 39. hxg6 hxg6 40. a4 Rd6 41. Kg2 Ka7 42. Kg1 Qc6 43. Kh2 Qe4 44. Kg1 Rd8 45. f3 Qe5 46. Kg2 Qe2+ 47. Kg1 Rh8 48. R3d2 Qxf3 49. Bd5 Qxd5 0-1


[Site "https://www.chess.com"]

[Event "Titled Tuesday Blitz March 08 Late 2022"]
[White "Kim, Sergey"]
[Black "Todorovic, Bojan"]
[WhiteFideId "13700570"]
[BlackFideId "917087"]
[WhiteElo "2538"]
[BlackElo "2266"]
[Result "1-0"]
[Round "11"]
[TimeControl "180+1"]
[Date "2022.03.09"]
[WhiteClock "0:01:58"]
[BlackClock "0:00:31"]

1. d4 Nf6 2. c4 g6 3. Nc3 Bg7 4. e4 O-O 5. Nge2 d6 6. Ng3 e5 7. d5 h5 8. Bg5 Qe8 9. Qd2 Nh7 10. Be3 h4 11. Nge2 f5 12. f3 Qe7 13. O-O-O Bf6 14. g3 Bg5 15. f4 exf4 16. Nxf4 Bxf4 17. gxf4 fxe4 18. Rg1 Bf5 19. Nb5 Na6 20. Nd4 Kf7 21. Nxf5 gxf5 22. Qe2 Nf6 23. Rg5 Qd7 24. Bh3 Rg8 25. Rxf5 Qa4 26. Bd4 Rg6 27. Bxf6 Rxf6 28. Qh5+ 1-0


[Site "https://www.chess.com"]